 Dungeon Crawl Stone Soup version 0.22-a0-136-g83a10e5 (webtiles) character file.

218 varam the Chopper (level 5, -3/49 HPs)
             Began as a Naga Fighter on Feb 3, 2018.
             Killed by divine providence
             ... invoked by an orc priest
              (14 damage)
             ... on level 3 of the Dungeon.
             The game lasted 00:03:04 (2192 turns).

varam the Chopper (Naga Fighter)                    Turns: 2192, Time: 00:03:05

Health: -3/49      AC:  6    Str: 19    XL:     5   Next: 95%
Magic:  5/5        EV:  5    Int:  9    God:
Gold:   116        SH:  9    Dex: 10    Spells: 4/4 levels left

rFire    + . .     SeeInvis +   a - +0 war axe
rCold    . . .     Gourm    .   c - +0 shield
rNeg     . . .     Faith    .   b - +0 scale mail
rPois    +         Spirit   .   l - +0 helmet
rElec    .         Reflect  .   (no cloak)
rCorr    .         Harm     +   (no gloves)
MR       .....                  (no barding)
Stlth    ..........             j - amulet of harm
HPRegen  0.16/turn              o - ring of protection from fire
MPRegen  0.09/turn              (no ring)

@: very slow
A: large, see invisible, deformed body, poison resistance, slowness 2, slow
metabolism 1, spit poison 1, AC +1
a: Spit Poison


You were on level 3 of the Dungeon.
You were not hungry.

You visited 1 branch of the dungeon, and saw 3 of its levels.

You collected 116 gold pieces.

Inventory:

Hand Weapons
 a - a +0 war axe (weapon)
Missiles
 i - 160 stones (quivered)
Armour
 b - a +0 scale mail (worn)
 c - a +0 shield (worn)
 l - a +0 helmet (worn)
Jewellery
 j - an amulet of harm (around neck)
 o - a ring of protection from fire (left hand)
Wands
 r - a wand of scattershot (3)
Scrolls
 e - 5 scrolls of identify {unknown}
 h - a scroll of blinking {unknown}
 m - a scroll of teleportation {unknown}
 p - a scroll of enchant weapon {unknown}
 q - a scroll of amnesia {unknown}
Potions
 d - 2 potions of might
 g - 3 potions of lignification {unknown}
 k - 2 potions of heal wounds {unknown}
 s - 3 potions of curing {unknown}
Comestibles
 f - 3 rations
 n - 23 chunks of flesh


   Skills:
 - Level 3.0 Fighting
 * Level 5.0 Axes
 - Level 2.4 Armour
 + Level 3.6 Shields


You had 4 spell levels left.
You didn't know any spells.

Dungeon Overview and Level Annotations

Branches:
Dungeon (3/15)

Altars:
Ru


Innate Abilities, Weirdness & Mutations

You cannot wear boots.
Your serpentine skin is tough. (AC +1)
You have supernaturally acute eyesight. (SInv)
Armour fits poorly on your strangely shaped body.
Your system is resistant to poisons. (rPois)
You cover ground very slowly.
You have a slow metabolism.
You can spit poison.


Message History

You closely miss the orc priest.
The orc throws a tomahawk.
The tomahawk hits you but does no damage.
The orc priest calls down the wrath of Beogh upon you.
Pain shoots through your body!
The orc priest calls down the wrath of Beogh upon you.
Beogh smites you!
* * * LOW HITPOINT WARNING * * *
An orc priest comes into view. It is wielding a dagger.
The orc priest shouts!
A gnoll comes into view.
You are too injured to fight recklessly!
You are too injured to fight recklessly!
You are too injured to fight recklessly!
You are too injured to fight recklessly!
Unknown command.
You closely miss the orc priest.
The orc priest looks braver for a moment.
The orc priest invokes the aid of Beogh against you.
Beogh smites you!
You die...

....................#
#.. ................#..#
.... #............##...#
....# #.....))...#.#...#
##...#.##......##.#....#
......##.#...)#(##......
##....#.#.#..#.#.#....##
.>.....#.##..##.#......#
#....o@##....##........
......†o...............#
##...o..................
#....g.##....##........
....g..#.##..##.#.....#.
......# # #..#.#.#....##
...o.. ....#.##......
...g.# ....##.#....#
.... .#.#...#


You could see 3 orc priests, 3 gnolls and an orc.

Vanquished Creatures
  An orc priest (D:3)
  An orc wizard (D:3)
  A worker ant (D:3)
  4 adders
  4 dart slugs
  A leopard gecko (D:3)
  15 orcs (D:3)
  A ball python (D:2)
  2 bats
  4 giant cockroaches
  5 goblins
  6 hobgoblins
  3 jackals (D:3)
  13 kobolds
  6 frilled lizards
  12 rats
79 creatures vanquished.

Notes
Turn   | Place    | Note
-------+----------+-------------------------------------------
     0 | D:1      | varam the Naga Fighter began the quest for the Orb.
     0 | D:1      | Reached XP level 1. HP: 21/21 MP: 1/1
   116 | D:1      | Reached XP level 2. HP: 25/28 MP: 2/2
   775 | D:1      | Reached skill level 3 in Axes
   787 | D:1      | Reached XP level 3. HP: 34/34 MP: 3/3
  1028 | D:2      | Found a sacrificial altar of Ru.
  1482 | D:2      | Reached skill level 3 in Shields
  1482 | D:2      | Reached XP level 4. HP: 42/42 MP: 4/4
  1668 | D:3      | Reached skill level 4 in Axes
  1680 | D:3      | Reached XP level 5. HP: 19/49 MP: 5/5
  2174 | D:3      | Reached skill level 5 in Axes
  2192 | D:3      | Killed from afar by an orc priest

Vault maps used:
D:1:      dpeg_arrival_more_subterranean_lakeside_camping
D:2:      nicolae_ru_path_of_blood
D:3:      chequers_ecumenical_altar_island, minmay_misc_feat_secret_circle

Skill      XL: |  1  2  3  4  5 |
---------------+----------------+-----
Axes           | 3 4 5 |  5.0
Shields        | 3 |  3.6
Fighting       | |  3.0
Armour         | |  2.4

Action                   |  1- 3 |  4- 6 || total
-------------------------+-------+-------++-------
Melee: War axe           |    97 |   104 ||   201
  Eat: Chunk             |     1 |     2 ||     3
Armor: Scale mail        |    40 |    58 ||    98
Dodge: Dodged            |    24 |    26 ||    50
Block: Shield            |    47 |    55 ||   102

Table legend:
 A = Spawn XP
 B = Non-spawn XP
 C = Spawn XP percentage of total XP
 D = Spawn monster count
 E = Non-spawn monster count
 F = Spawn count percentage of total count
 G = Total turns spent on level
                    A         B        C        D         E        F      G
               +---------+---------+-------+---------+---------+-------+---------
         Total |       0 |     312 |   0.0 |       0 |      79 |   0.0 |  2192
               +---------+---------+-------+---------+---------+-------+---------
           D:1 |       0 |      34 |   0.0 |       0 |      20 |   0.0 |  1025
           D:2 |       0 |      70 |   0.0 |       0 |      22 |   0.0 |   623
           D:3 |       0 |     208 |   0.0 |       0 |      37 |   0.0 |   544
               +---------+---------+-------+---------+---------+-------+---------
